 Dungeon Crawl Stone Soup version 0.21.0-37-g46506fa (webtiles) character file.

429 nikopol the Firebug (level 6, -4/32 HPs)
             Began as a Deep Elf Fire Elementalist on Feb 1, 2018.
             Was a Follower of Sif Muna.
             Slain by an ogre
             ... wielding a +0 giant club
              (14 damage)
             ... on level 5 of the Dungeon.
             The game lasted 00:16:23 (4574 turns).

nikopol the Firebug (Deep Elf Fire Elementalist)    Turns: 4574, Time: 00:16:24

Health: -4/32      AC:  4    Str:  5    XL:     6   Next: 66%
Magic:  15/16      EV: 13    Int: 22    God:    Sif Muna [*.....]
Gold:   294        SH:  0    Dex: 15    Spells: 4/15 levels left

rFire    . . .     SeeInvis .   o - +3 dagger (drain)
rCold    . . .     Gourm    .   (no shield)
rNeg     . . .     Faith    .   a - +0 robe
rPois    .         Spirit   .   (no helmet)
rElec    .         Reflect  .   m - +0 cloak
rCorr    .         Harm     .   d - +0 pair of gloves
MR       .....                  (no boots)
Stlth    ++........             (no amulet)
HPRegen  0.10/turn              (no ring)
MPRegen  0.15/turn              (no ring)

@: no status effects
A: no striking features
a: Divine Energy, Renounce Religion


You were on level 5 of the Dungeon.
You worshipped Sif Muna.
Sif Muna was aware of your devotion.
You were very hungry.

You visited 1 branch of the dungeon, and saw 5 of its levels.
You also visited: Ossuary.

You collected 294 gold pieces.

Inventory:

Hand Weapons
 i - a +0 dagger
 o - a +3 dagger of draining (weapon)
Armour
 a - a +0 robe (worn)
 d - a +0 pair of gloves (worn)
 m - a +0 cloak (worn)
Jewellery
 e - an uncursed ring of see invisible {unknown}
 l - an uncursed ring of fire {unknown}
 t - an uncursed ring of protection from magic {unknown}
 A - an uncursed amulet of the gourmand {unknown}
Scrolls
 f - 8 scrolls of identify
 g - a scroll of fear {unknown}
 h - 2 scrolls of enchant weapon
 j - a scroll of fog
 p - 2 scrolls of blinking {unknown}
 r - 4 scrolls of remove curse {unknown}
 v - a scroll of random uselessness {unknown}
 x - a scroll of magic mapping
 y - 2 scrolls of teleportation {unknown}
Potions
 k - 2 potions of invisibility
 n - 2 potions of mutation {unknown}
 q - 3 potions of curing
 s - 2 potions of might {unknown}
 u - a potion of brilliance {unknown}
 w - a potion of resistance {unknown}
 z - a potion of ambrosia {unknown}
Books
 b - a book of Flames

   Spells                             Type                      Level
   a - Flame Tongue                   Conjuration/Fire             1
   b - Throw Flame                    Conjuration/Fire             2
   c - Conjure Flame                  Conjuration/Fire             3
   d - Inner Flame                    Hexes/Fire                   3
   e - Sticky Flame                   Conjuration/Fire             4
   f - Fireball                       Conjuration/Fire             5
 B - a book of Maledictions

   Spells                             Type                      Level
   a - Corona                         Hexes                        1
   b - Ensorcelled Hibernation        Hexes/Ice                    2
   c - Confuse                        Hexes                        3
   d - Tukima's Dance                 Hexes                        3
   e - Dazzling Spray                 Conjuration/Hexes            3
Comestibles
 c - 3 rations


   Skills:
 + Level 0.1 Fighting
 + Level 3.1 Dodging
 + Level 3.4 Stealth
 + Level 5.4 Spellcasting
 + Level 3.7 Conjurations
 + Level 5.6 Fire Magic


You had 4 spell levels left.
You knew the following spells:

 Your Spells              Type           Power        Failure   Level  Hunger
a - Flame Tongue          Conj/Fire      ####.        1%          1    None
b - Throw Flame           Conj/Fire      ####..       1%          2    None
c - Conjure Flame         Conj/Fire      ####....     4%          3    ##.....
d - Fireball              Conj/Fire      ####......   36%         5    #####..


Dungeon Overview and Level Annotations

Branches:
Dungeon (5/15)
 Temple: D:4-7

Altars:
Cheibriados
Fedhas
Gozag
Hepliaklqana
Makhleb
Nemelex Xobeh
Sif Muna

Shops:
D:4 (


Message History

* * * LOW HITPOINT WARNING * * *
The phantom blinks!
The phantom hits you.
* * * LOW HITPOINT WARNING * * *
The phantom closely misses you.
There is an open door here.
The phantom blinks!
The crimson imp blinks!
The crimson imp disappears for a moment.
The crimson imp blinks!
You barely miss the crimson imp. The crimson imp barely misses you.
You barely miss the crimson imp. The crimson imp barely misses you.
The ogre barely misses you. The crimson imp barely misses you.
The phantom blinks!
The crimson imp closely misses you.
The crimson imp blinks!
The crimson imp shouts, "Submit, thou underdone rude-growing mish-mash!"
The crimson imp blinks!
The phantom blinks!
The ogre hits you with a giant club!
You die...

#####'###.#.......<..............
...#......#.......5..............
...#......#.......W..............
...'......'......................
...#......#......................
##.##...###.......ยง..............
#####...####+#.....############+#
#............#...O.# ... #
#............#..@..# ... #
#............#.....# .... +
#............#.....# ..... ##+##
#............#.....# .....##...#
#............#.....# ..........'
#............#.....# ..........#
##############.....# ########...#
...$..######.....##5..# .....
#...............#


You could see a phantom, an ogre and a crimson imp.

Vanquished Creatures
  An ogre (D:4)
  2 hounds
  Jessica (D:2)
  3 mummies (Ossuary)
  9 adders
  A shadow imp (D:5)
  2 oozes
  2 adder zombies (Ossuary)
  2 worms
  3 dart slugs
  3 leopard geckos
  6 orcs
  6 bats
  6 giant cockroaches
  A gnoll zombie (Ossuary)
  8 goblins
  9 hobgoblins
  13 jackals
  2 quokkas
  A ball python (D:1)
  4 frilled lizards
  5 goblin zombies
  5 hobgoblin zombies (Ossuary)
  5 kobolds
  4 kobold zombies (Ossuary)
  2 quokka zombies
  9 rats
  A rat zombie (Ossuary)
116 creatures vanquished.

Notes
Turn   | Place    | Note
-------+----------+-------------------------------------------
     0 | D:1      | nikopol the Deep Elf Fire Elementalist began the quest for the Orb.
     0 | D:1      | Reached XP level 1. HP: 10/10 MP: 6/6
   101 | D:1      | Reached XP level 2. HP: 15/15 MP: 2/8
   676 | D:2      | Reached XP level 3. HP: 7/19 MP: 2/9
  1023 | D:2      | Found a snail-covered altar of Cheibriados.
  1170 | D:2      | Reached XP level 4. HP: 24/24 MP: 7/11
  1232 | D:2      | Noticed Jessica
  1236 | D:2      | Killed Jessica
  1242 | D:2      | Learned a level 2 spell: Throw Flame
  1246 | D:2      | Learned a level 3 spell: Conjure Flame
  1390 | D:2      | Found a blossoming altar of Fedhas.
  1631 | D:3      | Found a deep blue altar of Sif Muna.
  1634 | D:3      | Found an opulent altar of Gozag.
  1634 | D:3      | Found a sparkling altar of Nemelex Xobeh.
  1637 | D:3      | Found a burning altar of Makhleb.
  1639 | D:3      | Became a worshipper of Sif Muna the Loreminder
  1978 | D:3      | Reached XP level 5. HP: 25/28 MP: 10/13
  2293 | D:3      | Learned a level 5 spell: Fireball
  2758 | D:4      | Reached skill level 5 in Fire Magic
  2785 | D:4      | Found a sand-covered staircase.
  2792 | Ossuary  | Entered an ossuary
  3116 | Ossuary  | Reached * piety under Sif Muna
  3116 | Ossuary  | Reached skill level 5 in Spellcasting
  3357 | D:4      | Found Fyoskeek's Weapon Shop.
  3518 | D:4      | Reached XP level 6. HP: 32/32 MP: 9/15
  4305 | D:4      | Found a hazy altar of Hepliaklqana.
  4362 | D:5      | Entered Level 5 of the Dungeon
  4494 | D:5      | Found Egioqoff's General Store.
  4574 | D:5      | Slain by an ogre

Skill      XL: |  1  2  3  4  5  6 |
---------------+-------------------+-----
Fire Magic     | 4 5 |  5.6
Spellcasting   | 4 5 |  5.4
Conjurations   | 2 3 |  3.7
Stealth        | 3 |  3.4
Dodging        | 3 |  3.1
Fighting       | |  0.1

Action                   |  1- 3 |  4- 6 || total
-------------------------+-------+-------++-------
Melee: Dagger            |     1 |     5 ||     6
 Cast: Flame Tongue      |    63 |   179 ||   242
       Throw Flame       |       |     1 ||     1
  Use: Potion            |     2 |       ||     2
       Scroll            |       |     4 ||     4
  Eat: Chunk             |       |     6 ||     6
       Ration            |       |     1 ||     1
Armor: Robe              |     6 |    10 ||    16
Dodge: Dodged            |    17 |    60 ||    77
